 Dungeon Crawl Stone Soup version 0.30-a0-174-gbc10bd73c2 (webtiles) character file.

Game seed: 14642746573230009050

126 qw the Chopper (level 5, -1/32 HPs)
             Began as a Gargoyle Fighter on Oct 1, 2022.
             Killed from afar by an orc wizard (11 damage)
             ... with a puff of flame
             ... on level 3 of the Dungeon.
             The game lasted 00:00:44 (2241 turns).

qw the Chopper (Gargoyle Fighter)                   Turns: 2241, Time: 00:00:45

Health: -1/32      AC: 13    Str: 24    XL:     5   Next: 10%
Magic:  5/5        EV: 10    Int:  9    God:
Gold:   46         SH:  4    Dex:  9    Spells: 4/4 levels left

rFire   . . .      SeeInvis .    Y - +0 war axe
rCold   + . .      Faith    .    c - +0 buckler
rNeg    + . .      Spirit   .    g - +4 ring mail of the Tuna {Rampage rC+ Will+ Str+3}
rPois   inf        Reflect  .    (no helmet)
rElec   +          Harm     .    (no cloak)
rCorr   .          Rampage  +    (no gloves)
Will    +....                    (no boots)
Stlth   ..........               (no amulet)
HPRegen 0.25/turn                (no ring)
MPRegen 0.09/turn                (no ring)

@: no status effects
A: sickness immunity, AC +4, negative energy resistance 1, electricity
resistance, torment resistance 1, petrification resistance
a: no special abilities


You were on level 3 of the Dungeon.
You visited 1 branch of the dungeon, and saw 3 of its levels.

You collected 135 gold pieces.
You spent 89 gold pieces at shops.


Innate Abilities, Weirdness & Mutations

You are immune to sickness and miasma.
Your stone body is resilient. (AC +4)
You are immune to poison.
You resist negative energy. (rN+)
You are resistant to electric shocks. (rElec)
You are resistant to unholy torment.
You are immune to petrification.


   Skills:
 - Level 3.2 Fighting
 + Level 4.4 Axes
 - Level 1.1 Throwing
 - Level 3.2 Armour
 - Level 3.2 Shields


You had 4 spell levels left.
You didn't know any spells.
Your spell library was empty.

Inventory:

Hand Weapons
 m - a +0 mace
 Y - a +0 war axe (weapon)
Armour
 b - a +0 chain mail
 c - a +0 buckler (worn)
 g - the +4 ring mail of the Tuna (worn) {Rampage rC+ Will+ Str+3}
   (You found it on level 2 of the Dungeon)

   Str:       It affects your strength (+3).
   rC:        It protects you from cold.
   Rampage:   It bestows one free step when moving towards enemies.
   Will:      It increases your willpower.
Scrolls
 j - a scroll of identify
 k - a scroll of enchant weapon {unknown}
 l - a scroll of amnesia {unknown}
Potions
 a - a potion of curing
 d - a potion of might
 e - 2 potions of attraction {unknown}
 i - 3 potions of mutation {unknown}
 n - a potion of heal wounds {unknown}

Dungeon Overview and Level Annotations

Branches:
Dungeon (3/15)

Altars:
Vehumet

Shops:
D:3 *


Message History

You completely miss something.
You hear some strange, mumbled words.
A puff of flame appears from out of thin air!
The puff of flame hits you. Something hits you but does no damage.
You miss something. Something hits you but does no damage.
You miss something.
You hear some strange, mumbled words.
A puff of flame appears from out of thin air!
The puff of flame hits you.
You closely miss something. Something hits you.
You barely miss something. Something hits you but does no damage.
You hear some strange, mumbled words.
A magic dart appears from out of thin air!
The magic dart hits you.
You completely miss something. Something hits you but does no damage.
You hit something. Something hits you. Something hits you but does no damage.
You miss something. Something hits you.
You barely miss something. Something hits you but does no damage.
You closely miss something.
Something hits you but does no damage. x2
You miss something.
You hear some strange, mumbled words.
A puff of flame appears from out of thin air!
The puff of flame hits you but does no damage.
You closely miss something. Something hits you but does no damage.
You miss something. You block something's attack. Something hits you.
You miss something.
You hear some strange, mumbled words.
A puff of flame appears from out of thin air!
The puff of flame hits you!
You die...

###.....## #.#
#.##...# #.# #.##.#.##
#.#.# #.##.#..# #.#..
#.##.##.#####.###
######.##.##.#.....###
#
#.....)##....+........
###
#......#####.#.....###
..# #....@{# #.#.....#
..# #...%..# #.......#
..# #.....(.$
##......# ..#
#.....#### #......#
..# #....(. ##.....#
..# #####.. ##..#.#
### #.. .....# #...
......# ...##..


There were no monsters in sight!

Vanquished Creatures
  2 orc wizards (D:3)
  2 adders (D:2)
  A worm (D:2)
  A dart slug (D:3)
  8 orcs (D:3)
  5 ball pythons
  4 endoplasms
  4 giant cockroaches
  4 hobgoblins
  5 jackals
  2 quokkas (D:2)
  3 bats
  A frilled lizard (D:1)
  7 goblins
  A kobold (D:1)
  2 rats
52 creatures vanquished.

Vanquished Creatures (others)
  A plant (D:3)
1 creature vanquished.

Grand Total: 53 creatures vanquished

Notes
Turn   | Place    | Note
-------+----------+-------------------------------------------
     0 | D:1      | qw the Gargoyle Fighter began the quest for the Orb.
     0 | D:1      | Reached XP level 1. HP: 14/14 MP: 1/1
     0 | D:1      | 0 ||| qw: Version: 0.2-a-13-gfc7b4b4
     0 | D:1      | 0 ||| qw: Game counter: 1951
     0 | D:1      | 0 ||| qw: Always use a shield: true
     0 | D:1      | 0 ||| qw: God list: Okawaru
     0 | D:1      | 0 ||| qw: Allow faded altars: false
     0 | D:1      | 0 ||| qw: Do Orc after D:15 true
     0 | D:1      | 0 ||| qw: Do second Lair branch before Depths: true
     0 | D:1      | 0 ||| qw: Lair rune preference: random
     0 | D:1      | 0 ||| qw: Plans: Normal, Zot:1-4, God:TSO, Crypt, Tomb,
                  | Pan, Slime:5, Hells, Abyss, Orb
     0 | D:1      | 0 ||| PLANNING D:1-11
    49 | D:1      | Reached skill level 2 in Axes
   410 | D:1      | Reached XP level 2. HP: 15/19 MP: 2/2
   479 | D:1      | Found a faded altar of an unknown god.
   907 | D:1      | 907 ||| READING scroll labelled CAECVO NIEQI.
   908 | D:1      | 908 ||| READING scroll labelled AGUJYA BA PEY.
   909 | D:1      | 909 ||| READING scroll labelled MIUDOFUWAN.
   910 | D:1      | 910 ||| READING scroll labelled KOTINT GUIP.
  1176 | D:2      | Identified the +4 ring mail of the Tuna {Rampage rC+ Will+
                  | Str+3}
  1255 | D:2      | Reached skill level 3 in Axes
  1255 | D:2      | Reached XP level 3. HP: 16/23 MP: 3/3
  1256 | D:2      | 1256 ||| Stepping ~*~*~tactically~*~*~ (stealth).
  1476 | D:2      | Reached skill level 1 in Throwing
  1660 | D:2      | 1660 ||| Stepping ~*~*~tactically~*~*~ (stealth).
  1673 | D:2      | 1673 ||| UPGRADING to +4 ring mail of the Tuna {Rampage rC+
                  | Will+ Str+3}.
  1683 | D:2      | 1683 ||| DROPPING +0 scale mail.
  1684 | D:2      | 1684 ||| READING scroll labelled RICITU ZE VIEH.
  1685 | D:2      | 1685 ||| DRINKING 2 viscous red potions.
  1721 | D:3      | 1721 ||| Stepping ~*~*~tactically~*~*~ (hiding).
  1731 | D:3      | Reached XP level 4. HP: 25/28 MP: 4/4
  1825 | D:3      | Found Ulezemeschi's Assorted Antiques.
  1829 | D:3      | 1829 ||| Stepping ~*~*~tactically~*~*~ (stealth).
  1845 | D:3      | 1845 ||| BUYING sapphire potion (17 gold).
  1845 | D:3      | Bought a sapphire potion for 17 gold pieces
  1845 | D:3      | 1845 ||| BUYING sapphire potion (17 gold).
  1845 | D:3      | Bought a sapphire potion for 17 gold pieces
  1845 | D:3      | 1845 ||| BUYING scroll labelled DEHUTOIRAESCH (19 gold).
  1845 | D:3      | Bought a scroll labelled DEHUTOIRAESCH for 19 gold pieces
  1845 | D:3      | 1845 ||| BUYING scroll labelled MYUDOLOTINT (19 gold).
  1845 | D:3      | Bought a scroll labelled MYUDOLOTINT for 19 gold pieces
  1845 | D:3      | 1845 ||| BUYING sedimented purple potion (17 gold).
  1845 | D:3      | Bought a sedimented purple potion for 17 gold pieces
  1845 | D:3      | 1845 ||| SHOPLISTING sedimented purple potion (17 gold,
                  | have 8).
  1897 | D:3      | 1897 ||| DROPPING +0 club.
  1905 | D:3      | Found a radiant altar of Vehumet.
  1907 | D:3      | 1907 ||| Stepping ~*~*~tactically~*~*~ (hiding).
  1969 | D:3      | 1969 ||| Stepping ~*~*~tactically~*~*~ (hiding).
  1973 | D:3      | 1973 ||| Stepping ~*~*~tactically~*~*~ (stealth).
  1989 | D:3      | 1989 ||| FLEEEEING.
  1990 | D:3      | 1990 ||| FLEEEEING.
  1991 | D:3      | 1991 ||| FLEEEEING.
  1992 | D:3      | 1992 ||| FLEEEEING.
  1995 | D:3      | 1995 ||| FLEEEEING.
  1996 | D:3      | 1996 ||| FLEEEEING.
  1997 | D:3      | 1997 ||| FLEEEEING.
  1998 | D:3      | 1998 ||| FLEEEEING.
  1999 | D:3      | 1999 ||| FLEEEEING.
  2000 | D:3      | 2000 ||| FLEEEEING.
  2002 | D:3      | 2002 ||| FLEEEEING.
  2005 | D:3      | Reached skill level 4 in Axes
  2022 | D:3      | Reached XP level 5. HP: 21/32 MP: 5/5
  2241 | D:3      | Killed from afar by an orc wizard

Levels and vault maps discovered:
D:1:      ebering_trefoil_3fold, layout_basic, basic_ecumenical_altar,
          st_stairs_7, minmay_misc_feat_tiny,
          nicolae_concentric_dashed_squares_mild, nicolae_figureground_sparkle
D:2:      layout_basic
D:3:      layout_basic, vehumet_altar_wand_db, serial_shops,
          nicolae_shop_overgrown_old_shop

Skill      XL: |  1  2  3  4 |
---------------+-------------+-----
Axes           | 2 3 4 |  4.4
Throwing       | 1 |  1.1
Fighting       | |  3.2
Armour         | |  3.2
Shields        | |  3.2

Action                   |  1- 3 |  4- 6 || total
-------------------------+-------+-------++-------
Melee: War axe           |    68 |    93 ||   161
Throw: Boomerang         |     6 |       ||     6
       Javelin           |    18 |    11 ||    29
  Use: Scroll            |     5 |       ||     5
       Potion            |     1 |       ||     1
Armor: Scale mail        |    38 |       ||    38
       Ring mail         |     3 |    70 ||    73
Dodge: Dodged            |    29 |    33 ||    62
Block: Buckler           |     9 |     9 ||    18

Table legend:
 A = Non-vault XP
 B = Vault XP
 C = Vault XP percentage of total XP
 D = Non-vault monster count
 E = Vault monster count
 F = Vault count percentage of total count
                 A         B        C        D         E       F
            +---------+---------+-------+---------+---------+-------
      Total |     175 |       6 |   3.3 |      49 |       3 |   5.8
            +---------+---------+-------+---------+---------+-------
        D:1 |      11 |       4 |  26.7 |       7 |       2 |  22.2
        D:2 |      66 |       0 |   0.0 |      23 |       0 |   0.0
        D:3 |      98 |       2 |   2.0 |      19 |       1 |   5.0
            +---------+---------+-------+---------+---------+-------
